 Dungeon Crawl Stone Soup version 0.28.0-43-g3370ac3207 (webtiles) character file.

Game seed: 12921465917763302865

427 demenzo the Skirmisher (level 6, -1/68 HPs)
             Began as an Ogre Berserker on Mar 8, 2022.
             Was a Priest of Trog.
             Slain by an orc warrior
             ... wielding a +0 war axe
              (8 damage)
             ... on level 4 of the Dungeon.
             The game lasted 00:04:47 (5618 turns).

demenzo the Skirmisher (Ogre Berserker)             Turns: 5618, Time: 00:04:48

Health: -1/68      AC:  3    Str: 24    XL:     6   Next: 97%
Magic:  15/15      EV: 10    Int:  8    God:    Trog [***...]
Gold:   235        SH:  0    Dex: 11    Spells: 5/5 levels left

rFire   . . .      SeeInvis .   a - +3 whip "Udwozoh" {flame, rElec rC+ MP+9 Dex-3}
rCold   + . .      Faith    .   (no shield)
rNeg    . . .      Spirit   .   i - +0 animal skin
rPois   .          Reflect  .   (helmet restricted)
rElec   +          Harm     .   (no cloak)
rCorr   .          Rampage  .   (gloves unavailable)
Will    ++...                   (boots unavailable)
Stlth   +.........              (no amulet)
HPRegen 1.21/turn               j - +6 ring of dexterity
MPRegen 0.14/turn               (no ring)

@: strong-willed, regenerating
A: large, unfitting armour, tough skin 1
a: Renounce Religion, Berserk, Trog's Hand


You were on level 4 of the Dungeon.
You worshipped Trog.
Trog was most pleased with you.
You visited 1 branch of the dungeon, and saw 5 of its levels.

You collected 235 gold pieces.

Inventory:

Hand Weapons
 a - the +3 whip "Udwozoh" (weapon) {flame, rElec rC+ MP+9 Dex-3}
   (You found it on level 4 of the Dungeon)

   It burns those it strikes, dealing additional fire damage.
   Dex:       It affects your dexterity (-3).
   rC:        It protects you from cold.
   rElec:     It insulates you from electricity.
   MP:        It affects your magic capacity (+9).
 b - a +0 hunting sling
 h - a +0 mace
 v - a +2 dagger of draining
Missiles
 d - 150 stones (quivered)
 e - 30 bolts
 m - 42 sling bullets
 s - 5 curare-tipped darts
Armour
 i - a +0 animal skin (worn)
Jewellery
 j - a +6 ring of dexterity (left hand)
 p - an amulet of reflection
Scrolls
 c - 4 scrolls of teleportation {unknown}
 f - a scroll of identify {unknown}
 k - 2 scrolls of amnesia {unknown}
 n - 3 scrolls of holy word {unknown}
 q - a scroll of enchant armour {unknown}
 t - a scroll of immolation {unknown}
 u - a scroll of brand weapon {unknown}
Potions
 g - a potion of lignification {unknown}
 l - a potion of haste {unknown}
 o - a potion of attraction {unknown}
 r - a potion of cancellation {unknown}


   Skills:
 + Level 6.4 Fighting
 * Level 5.8 Maces & Flails
 - Level 3.0 Dodging


You had 5 spell levels left.
You didn't know any spells.
Your spell library was empty.

Dungeon Overview and Level Annotations

Branches:
Dungeon (5/15)             Temple (0/1) D:4

Altars:
Ashenzari
Fedhas
Ru
Wu Jian


Innate Abilities, Weirdness & Mutations

You are too large for most types of armour.
You have tough skin. (AC +1)


Message History

No target in view!
k - 2 scrolls labelled ILELUB MACW (gained 1)
You open the door.
There is an open door here.
You open the door.
There is an open door here.
You open the door.
Found a blossoming altar of Fedhas.
There is an open door here.
As you open the door, it creaks loudly!
There is an open door here.
You open the door.
There is an open door here.
You open the door.
There is an open door here.
The hobgoblin shouts!
A hobgoblin is nearby!
A hobgoblin is nearby!
A hobgoblin is nearby!
The orc warrior shouts!
The orc priest shouts!
The hobgoblin hits you.
You hit the orc warrior but do no damage.
The hobgoblin hits you but does no damage.
The orc priest mumbles some strange prayers to Beogh against you.
Beogh smites you!
You closely miss the orc warrior.
The orc warrior hits you with a +0 war axe!
The hobgoblin barely misses you.
Unknown command.
The orc priest calls down the wrath of Beogh upon you.
Beogh smites you!
The orc warrior hits you with a +0 war axe!!
* * * LOW HITPOINT WARNING * * *
Okay, then.
Okay, then.
Your skin crawls.
You feel strong-willed.
The orc warrior hits you with a +0 war axe!
You die...

..+...#.####..o###.........###.#.
..#......##....####..o...........
..#........##.###..............#.
###........#.o# ##.............#o
......#.......# #...............
.....##....##g## #.............<.
###.......##...###..........###..
..#......###..g#.##..)...........
###.....###...)o@......#.#.......
# #..#........>###.....###....##.
# #..##.........##....## ##......
#..##.........#..##..####.####.
#.#..##.........#....#...##....##
......#.##......###..#...##.>....
....................####.........
.......>#.......##..#.#...⌠.⌠.⌠..
.....##....###..###.......8.8.8..


You could see an orc warrior and a hobgoblin.

Vanquished Creatures
  2 scorpions (D:4)
  A jelly (D:4)
  An orc priest (D:5)
  Jessica (D:2)
  Natasha (thrice) (D:3)
  An orc wizard (D:5)
  A hound skeleton (D:4)
  3 adders
  A white imp (D:5)
  2 worms (D:2)
  A dart slug (D:1)
  4 orcs
  7 bats
  8 endoplasms
  2 giant cockroaches
  5 goblins
  3 hobgoblins
  2 quokkas
  4 ball pythons
  9 kobolds
  20 rats (D:3)
81 creatures vanquished.

Vanquished Creatures (others)
  A plant (D:4)
1 creature vanquished.

Grand Total: 82 creatures vanquished

Notes
Turn   | Place    | Note
-------+----------+-------------------------------------------
     0 | D:1      | demenzo the Ogre Berserker began the quest for the Orb.
     0 | D:1      | Reached XP level 1. HP: 24/24 MP: 1/1
   180 | D:1      | Reached XP level 2. HP: 32/32 MP: 2/2
   435 | D:1      | Found a faded altar of an unknown god.
  1206 | D:1      | Reached XP level 3. HP: 38/40 MP: 3/3
  2145 | D:3      | Noticed Jessica
  2163 | D:2      | Killed Jessica
  2164 | D:2      | Reached XP level 4. HP: 14/48 MP: 4/4
  2389 | D:2      | Reached ** piety under Trog
  2707 | D:3      | Found an ornate altar of the Wu Jian Council.
  3154 | D:3      | Noticed Natasha
  3179 | D:3      | Found a broken altar of Ashenzari.
  3190 | D:3      | Killed Natasha
  3191 | D:3      | Reached skill level 5 in Fighting
  3226 | D:3      | Noticed Natasha
  3248 | D:3      | Killed Natasha
  3249 | D:3      | Reached XP level 5. HP: 48/57 MP: 5/5
  3907 | D:3      | Found a broken altar of Ashenzari.
  3985 | D:3      | Noticed Natasha
  4000 | D:3      | Killed Natasha
  4216 | D:3      | Found an ornate altar of the Wu Jian Council.
  4709 | D:4      | Found a staircase to the Ecumenical Temple.
  4723 | D:4      | Noticed an orc warrior
  4794 | D:4      | Reached skill level 5 in Maces & Flails
  4794 | D:4      | Reached XP level 6. HP: 41/67 MP: 6/6
  5053 | D:4      | Reached *** piety under Trog
  5085 | D:4      | Reached skill level 6 in Fighting
  5097 | D:4      | Identified the +3 whip "Udwozoh" {flame, rElec rC+ MP+9
                  | Dex-3}
  5244 | D:4      | You fall into a shaft and drop 1 floor!
  5244 | D:5      | Entered Level 5 of the Dungeon
  5249 | D:5      | Found a sacrificial altar of Ru.
  5566 | D:4      | Found a blossoming altar of Fedhas.
  5605 | D:4      | HP: 3/68 [orc warrior/+0 war axe (19)]
  5618 | D:4      | Slain by an orc warrior

Illustrated notes

Levels and vault maps discovered:
D:1:      wander_arrival_estate, layout_loops_corners,
          hellmonk_ecumenical_altar_slurped_away
D:2:      layout_basic
D:3:      layout_loops_ring, amcnicky_altar_gilded,
          nicolae_overflow_crystal_walls, serial_rivers,
          chequers_serial_rivers_room_b, chequers_serial_rivers_micro_a,
          chequers_serial_rivers_micro_c, chequers_serial_rivers_micro_e,
          chequers_serial_rivers_large_a, minmay_rat_hole, uniq_natasha,
          uniq_jessica
D:4:      layout_cave_pools, mainiacjoe_overflow_24_doors,
          nicolae_qazlal_eye_of_the_storm, minmay_temple_entry_drinking_statues,
          guppyfry_early_lair_pool
D:5:      layout_basic, nicolae_ru_sacrificial_ziggurat, serial_shops, shop

Skill      XL: |  1  2  3  4  5  6 |
---------------+-------------------+-----
Dodging        | 3 |  3.0
Maces & Flails | 3 4 5 |  5.8
Fighting       | 5 6 |  6.4

Action                   |  1- 3 |  4- 6 || total
-------------------------+-------+-------++-------
Melee: Mace              |    53 |       ||    53
       Dagger            |    18 |   117 ||   135
       Punch             |       |     2 ||     2
       Whip              |       |    29 ||    29
Invok: Berserk           |       |     1 ||     1
       Trog's Hand       |       |     1 ||     1
 Stab: Sleeping          |       |     3 ||     3
Armor: Animal skin       |    29 |    40 ||    69
Dodge: Dodged            |    36 |    66 ||   102
